 Dungeon Crawl Stone Soup version 0.17-a0-977-g4154171 (webtiles) character file.

3392 oplop the Destroyer (level 10, -7/61 HPs)
             Began as a Tengu Fire Elementalist on May 10, 2015.
             Killed from afar by a kobold (11 damage)
             ... with an exploding inner flame
             ... hexed by oplop's ghost
             ... on level 7 of the Dungeon on May 11, 2015.
             The game lasted 00:29:47 (9089 turns).

oplop the Destroyer (Tengu Fire Elementalist)       Turns: 9089, Time: 00:29:48

Health: -7/61      AC:  5    Str:  9    XL:     10   Next: 4%
Magic:  11/20      EV:  7    Int: 18    God:
Gold:   536        SH:  0    Dex: 15    Spells: 7 memorised, 2 levels left

rFire  . . .     SeeInvis .     m - +2 dagger (venom)
rCold  . . .     Clarity  .     a - +1 robe
rNeg   . . .     SustAb   .     (no shield)
rPois  .         Gourm    .     (helmet restricted)
rElec  .         Spirit   .     (no cloak)
rCorr  .         Warding  .     (no gloves)
rMut   .         Rnd*Tele +     (boots unavailable)
MR     +....                    (no amulet)
Stlth  ++........               (no ring)
                                y - ring of protection from magic

@: somewhat resistant to hostile enchantments, unstealthy
A: beak, talons 3, slimy green scales 1, breathe flames 1, teleportitis 1, able
to fly 1
a: Fly, Breathe Fire


You were on level 7 of the Dungeon.
You were hungry.

You visited 2 branches of the dungeon, and saw 10 of its levels.

You collected 536 gold pieces.

Inventory:

Hand weapons
 h - a +0 dagger of freezing
 m - a +2 dagger of venom (weapon)
Armour
 a - a +1 robe (worn)
Jewellery
 f - an uncursed ring of ice
 y - a ring of protection from magic (left hand)
Magical devices
 d - a wand of disintegration (10)
 q - a wand of confusion (43)
 F - a wand of frost (28)
Scrolls
 l - 3 scrolls of remove curse
 p - 2 scrolls of teleportation
 r - 3 scrolls of fog
 A - a scroll of fear
 C - a scroll of identify
Potions
 e - a potion of heal wounds {unknown}
 g - 5 potions of curing
 j - 2 potions of brilliance
 k - 4 potions of flight
 n - a potion of might
 o - a potion of poison {unknown}
 s - 3 potions of berserk rage {unknown}
 t - a potion of cancellation
 x - a potion of ambrosia {unknown}
 z - a potion of haste
 B - 2 potions of cure mutation {unknown}
 E - a potion of magic {unknown}
Books
 b - a book of Flames

   Spells                             Type                      Level
   a - Flame Tongue                   Conjuration/Fire             1
   b - Throw Flame                    Conjuration/Fire             2
   c - Conjure Flame                  Conjuration/Fire             3
   d - Inner Flame                    Hexes/Fire                   3
   e - Sticky Flame                   Conjuration/Fire             4
   f - Fireball                       Conjuration/Fire             5
 u - a book of Power

   Spells                             Type                      Level
   a - Fulminant Prism                Conjuration/Hexes            4
   b - Iskenderun's Mystic Blast      Conjuration                  4
   c - Venom Bolt                     Conjuration/Poison           5
   d - Bolt of Magma                  Conjuration/Fire/Earth       5
   e - Iron Shot                      Conjuration/Earth            6
   f - Orb of Destruction             Conjuration                  7
   g - Spellforged Servitor           Conjuration/Summoning        7
 v - a book of Cantrips

   Spells                             Type                      Level
   a - Corona                         Hexes                        1
   b - Animate Skeleton               Necromancy                   1
   c - Summon Small Mammal            Summoning                    1
   d - Apportation                    Translocation                1
 w - a book of Spatial Translocations

   Spells                             Type                      Level
   a - Apportation                    Translocation                1
   b - Blink                          Translocation                2
   c - Shroud of Golubria             Charms/Translocation         2
   d - Portal Projectile              Translocation                3
   e - Teleport Other                 Translocation                3
   f - Passage of Golubria            Translocation                4
Comestibles
 c - 6 bread rations
 i - 10 fruits
 D - a chunk of flesh


   Skills:
 + Level 6.9 Fighting
 - Level 2.1 Dodging
 - Level 2.0 Stealth
 + Level 6.5 Spellcasting
 + Level 9.1 Conjurations
 + Level 8.4 Fire Magic


You had 2 spell levels left.
You knew the following spells:

 Your Spells              Type           Power        Failure   Level  Hunger
a - Flame Tongue          Conj/Fire      #####        1%          1    None
b - Conjure Flame         Conj/Fire      #####...     1%          3    ##.....
c - Inner Flame           Hex/Fire       ###.....     10%         3    ##.....
d - Sticky Flame          Conj/Fire      #####...     3%          4    ####...
e - Throw Flame           Conj/Fire      #####.       1%          2    None
f - Blink                 Tloc           N/A          17%         2    None
g - Fireball              Conj/Fire      #####.....   12%         5    #####..


Dungeon Overview and Level Annotations

Branches:
Dungeon (9/15)             Temple (1/1) D:4
   Lair: D:8-11         Orc: D:9-12

Altars:
Ashenzari
Cheibriados
Elyvilon
Gozag
Makhleb
Nemelex Xobeh
Okawaru
Qazlal
Ru
Xom
Yredelemnul
Zin
The Shining One

Annotations:
D:7 oplop's ghost, experienced TeFE


Innate Abilities, Weirdness & Mutations

You have a beak for a mouth.
You have claws for feet.
You can fly.
You are partially covered in slimy green scales (AC +2).
You can breathe flames.
You are occasionally teleported to nearby monsters.


Message History

A human comes into view. It is wielding a war axe.
The human shouts!
Found a hand axe.
Found an iron altar of Okawaru.
The human misses you.
The jackal zombie bites you but does no damage.
The jackal zombie bites you but does no damage.
Oplop's ghost points at the jackal zombie and mumbles some strange words.
The jackal zombie is filled with an inner flame.
There is a stone staircase leading up here.
The kobold hits you but does no damage.
Oplop's ghost points at you and mumbles some strange words.
The fireball explodes!
The fireball engulfs you!
Ouch! That really hurt!
* * * LOW HITPOINT WARNING * * *
The fireball engulfs the jackal zombie.
The jackal zombie explodes!
The fiery explosion engulfs the kobold.
The kobold explodes!
The fiery explosion engulfs you!
You die...

########...#....%# .###.. ##.
....###....§...%%###...... #..
###........#######....
...#####.. #####..###.# ....
##....##.. # ##.## #.# ...
......##.. #### #..# #.#
#.##### #...##.. .<.# #..# #.#
###.# ._. #....... ...###..#
##[###...# .). #......W
.)....(####(..§§@§.# #.#
#..#.### ....##.###..##§§...#
#.# #...)# #
.[.#...>......§§§§.###.###..###
##...#.####.##...p..W.W.....#
...###.####.##.##..###.....##
.#.#...#.......###..##.#####
##.#.###.......##(......#
#.............##.......#
##).####.......##.......#


You could see a human and oplop's ghost.

Vanquished Creatures
  Grinder (D:4)
  A human (D:7)
  A water moccasin (D:7)
  Duvessa (D:5)
  2 ice beasts
  2 orc warriors
  A necrophage (D:6)
  3 ogres
  2 big kobolds (D:5)
  A gnoll sergeant (D:6)
  2 giant frogs
  Dowan (D:5)
  A wyvern skeleton (D:6)
  6 killer bees
  2 crimson imps
  An orc priest (D:8)
  4 orc wizards
  4 iguanas
  9 hounds
  A jelly (D:8)
  A centaur skeleton (D:6)
  4 giant frog skeletons
  7 worker ants
  A hound zombie (D:6)
  A worker ant zombie (D:8)
  14 adders
  10 gnolls
  3 oozes
  An adder skeleton (D:4)
  4 worms
  7 giant geckos
  18 orcs
  14 bats
  8 giant cockroaches
  40 goblins
  38 hobgoblins
  6 jackals
  2 ball pythons
  2 giant gecko skeletons
  A giant gecko zombie (D:6)
  4 giant newts
  A giant spore (D:7)
  17 kobolds
  2 quokkas
  57 rats
  3 ballistomycetes (D:7)
312 creatures vanquished.

Notes
Turn   | Place    | Note
--------------------------------------------------------------
     0 | D:1      | oplop, the Tengu Fire Elementalist, began the quest for the Orb.
     0 | D:1      | Reached XP level 1. HP: 10/10 MP: 4/4
   137 | D:1      | Reached XP level 2. HP: 15/15 MP: 1/6
   785 | D:2      | Reached XP level 3. HP: 17/20 MP: 7/7
  1084 | D:2      | Reached skill level 4 in Fire Magic
  1191 | D:2      | Reached skill level 1 in Fighting
  1372 | D:2      | Found a white marble altar of Elyvilon.
  1377 | D:2      | Reached XP level 4. HP: 11/25 MP: 8/8
  1590 | D:2      | Gained mutation: You are partially covered in slimy green scales (AC +2). [potion of mutation]
  1590 | D:2      | Gained mutation: You are occasionally teleported to nearby monsters. [potion of mutation]
  1590 | D:2      | Gained mutation: You can breathe flames. [potion of mutation]
  1993 | D:3      | Gained mutation: You can fly. [Tengu growth]
  1993 | D:3      | Reached XP level 5. HP: 28/30 MP: 4/9
  2079 | D:3      | Found a glowing silver altar of Zin.
  2079 | D:3      | Found a snail-covered altar of Cheibriados.
  2080 | D:3      | Found a basalt altar of Yredelemnul.
  2211 | D:3      | You fall through a shaft!
  2211 | D:4      | Found a staircase to the Ecumenical Temple.
  2219 | Temple   | Entered the Ecumenical Temple
  2350 | D:3      | Learned a level 3 spell: Conjure Flame
  2354 | D:3      | Learned a level 3 spell: Inner Flame
  2444 | D:3      | Reached XP level 6. HP: 27/36 MP: 2/11
  3016 | D:3      | Learned a level 4 spell: Sticky Flame
  3274 | D:3      | Reached skill level 5 in Fire Magic
  3876 | D:4      | Found a sacrificial altar of Ru.
  3880 | D:4      | Reached XP level 7. HP: 41/41 MP: 11/13
  3937 | D:4      | Noticed an ogre
  4391 | D:4      | Killed an ogre
  4391 | D:4      | Reached skill level 5 in Conjurations
  4637 | D:4      | Noticed Grinder
  4646 | D:4      | Killed Grinder
  4646 | D:4      | Reached skill level 6 in Fire Magic
  4646 | D:4      | Reached XP level 8. HP: 22/48 MP: 3/15
  5093 | D:5      | Entered Level 5 of the Dungeon
  5158 | D:5      | Found a sparkling altar of Nemelex Xobeh.
  5518 | D:5      | Noticed Dowan
  5520 | D:5      | Noticed Duvessa
  5525 | D:5      | Killed Duvessa
  5535 | D:5      | Killed Dowan
  5932 | D:5      | Reached skill level 5 in Fighting
  6033 | D:5      | Reached skill level 5 in Spellcasting
  6250 | D:5      | Reached skill level 7 in Conjurations
  6321 | D:5      | Learned a level 2 spell: Throw Flame
  6797 | D:6      | Found a snail-covered altar of Cheibriados.
  6824 | D:6      | Reached XP level 9. HP: 54/54 MP: 4/17
  7364 | D:6      | Learned a level 2 spell: Blink
  7503 | D:6      | Reached skill level 8 in Conjurations
  8059 | D:7      | Noticed oplop's ghost (experienced TeFE)
  8187 | D:7      | You fall through a shaft for 2 floors!
  8231 | D:9      | Found a stormy altar of Qazlal.
  8587 | D:8      | Learned a level 5 spell: Fireball
  9009 | D:7      | Found a shattered altar of Ashenzari.
  9022 | D:7      | Reached skill level 9 in Conjurations
  9025 | D:7      | Reached XP level 10. HP: 28/61 MP: 1/20
  9078 | D:7      | Found an iron altar of Okawaru.
  9089 | D:7      | Killed from afar by a kobold

Vault maps used:
D:1:      nicolae_arrival_washed_ashore, hex_large
D:2:      serial_corexii_hall, corexii_hall_statues_x, corexii_hall_statues_x,
          minmay_misc_feat_hallway, minivault_14, kennysheep_doodads,
          elyvilon_altar_5
D:3:      grunt_temple_overflow_open, st_stairs_6, minmay_item_behind_shaft,
          minmay_rats_cheesy_pizza
D:4:      overflow_temple_1_default, minmay_temple_entry_purple_smoke,
          uniq_grinder
D:5:      minmay_goblin_kobold_castle, basic_altar, first_bread, uniq_duvessa
D:6:      basic_altar
D:7:      evilmike_ruin_ashenzari, grunt_livestock, okawaru_humans
D:8:      grunt_temple_overflow_magic_moments, lemuel_doored_altar,
          grunt_tough_drop
D:9:      grunt_temple_overflow_forces_of_nature, lemuel_round_altar,
          fungi_pond_lemuel, kennysheep_cross_bottleneck
Temple:   circular_temple_6

Action                   |  1- 3 |  4- 6 |  7- 9 | 10-12 || total
-------------------------+-------+-------+-------+-------++-------
Melee: Dagger            |    44 |   113 |   261 |       ||   418
       Unarmed           |     1 |       |       |       ||     1
 Cast: Flame Tongue      |    40 |    69 |   185 |     2 ||   296
       Conjure Flame     |       |     2 |    13 |       ||    15
       Inner Flame       |       |     1 |    11 |       ||    12
       Sticky Flame      |       |     1 |    31 |       ||    32
       Throw Flame       |       |       |    10 |       ||    10
 Abil: Breathe Fire      |       |     2 |       |       ||     2
Evoke: Wand              |       |       |     1 |     1 ||     2
  Use: Scroll            |       |    15 |     4 |       ||    19
       Potion            |       |     3 |     1 |       ||     4
 Stab: Sleeping          |     1 |     4 |       |       ||     5
  Eat: Chunk             |     1 |     6 |    13 |       ||    20
       Meat ration       |       |     1 |       |       ||     1
       Beef jerky        |       |       |     3 |       ||     3
       Fruit             |       |       |     4 |       ||     4
       Pizza             |       |       |     1 |       ||     1
